 Dungeon Crawl Stone Soup version 0.26.0-15-gc6cd9f700b (webtiles) character file.

Game seed: 13384235961738710546

419 EnegeticOcto the Stinger (level 6, 0/44 HPs)
             Began as a Gnoll Venom Mage on Jan 16, 2021.
             Slain by a bullfrog (1 damage)
             ... on level 4 of the Dungeon.
             The game lasted 00:04:17 (616 turns).

EnegeticOcto the Stinger (Gnoll Venom Mage)          Turns: 616, Time: 00:04:17

Health: 0/44       AC:  2    Str: 10    XL:     6   Next: 93%
Magic:  4/15       EV: 15    Int: 20    God:
Gold:   112        SH:  0    Dex: 15    Spells: 2/15 levels left

rFire    . . .     SeeInvis .   g - +0 war axe
rCold    . . .     Faith    .   (no shield)
rNeg     . . .     Spirit   .   a - +0 robe
rPois    .         Reflect  .   (no helmet)
rElec    .         Harm     .   (no cloak)
rCorr    .         Rampage  .   (no gloves)
Will     .....                  (no boots)
Stlth    +++.......             (no amulet)
HPRegen  0.14/turn              (no ring)
MPRegen  0.14/turn              (no ring)

@: no status effects
A: distributed training, fangs 1, talons 1, high mp 1, strong nose
a: no special abilities


You were on level 4 of the Dungeon.
You visited 1 branch of the dungeon, and saw 4 of its levels.

You collected 112 gold pieces.

Inventory:

Hand Weapons
 f - a +0 quarterstaff
   (You found it on level 2 of the Dungeon)
 g - a +0 war axe (weapon)
   (You took it off an orc on level 2 of the Dungeon)
Armour
 a - a +0 robe (worn)
 i - a +0 kite shield
   (You found it on level 4 of the Dungeon)
Wands
 k - a wand of flame (19) {@v4}
   (You found it on level 4 of the Dungeon)
Scrolls
 b - 2 scrolls of amnesia {unknown}
 d - 5 scrolls of identify {unknown}
 e - a scroll of teleportation {unknown}
Potions
 c - a potion of lignification {unknown}
 j - a potion of might {unknown}


   Skills:
 + Level 2.1 Fighting
 + Level 2.1 Short Blades
 + Level 2.1 Long Blades
 + Level 2.1 Axes
 + Level 2.1 Maces & Flails
 + Level 2.1 Polearms
 + Level 2.1 Staves
 + Level 2.1 Slings
 + Level 2.1 Bows
 + Level 2.1 Crossbows
 + Level 2.1 Throwing
 + Level 2.1 Armour
 + Level 5.1 Dodging
 + Level 4.7 Stealth
 + Level 2.1 Shields
 + Level 2.1 Unarmed Combat
 + Level 5.4 Spellcasting
 + Level 1.7 Conjurations
 + Level 1.7 Hexes
 + Level 1.7 Summonings
 + Level 1.7 Necromancy
 + Level 1.7 Translocations
 + Level 2.7 Transmutations
 + Level 1.7 Fire Magic
 + Level 1.7 Ice Magic
 + Level 1.7 Air Magic
 + Level 1.7 Earth Magic
 + Level 5.7 Poison Magic
 + Level 2.4 Invocations
 + Level 2.1 Evocations


You had 2 spell levels left.
You knew the following spells:

 Your Spells              Type           Power        Failure   Level
a - Sting                 Tmut/Pois      88%          1%          1
b - Poisonous Vapours     Pois/Air       40%          3%          2
c - Mephitic Cloud        Conj/Pois/Air  17%          10%         3
d - Olgreb's Toxic Radia  Pois           28%          11%         4
e - Ignite Poison         Fire/Tmut/Pois 19%          9%          3

Your spell library contained the following spells:

 Spells                   Type           Power        Failure   Level


Dungeon Overview and Level Annotations

Branches:
Dungeon (4/15)
 Temple: D:4-7

Altars:
Nemelex Xobeh


Innate Abilities, Weirdness & Mutations

Your experience applies equally to all skills.
You have very sharp teeth.
Your uncanny sense of smell can sniff out nearby items.
You have sharp toenails.
You have an increased reservoir of magic. (+10% MP)


Message History

Confirm with . or Enter, or press ? or * to list all spells.
Aiming: Poisonous Vapours (safe; 3% risk of failure)
Press: ? - help, Dir - move target, f - orc priest
Aim: an orc priest, wielding a +0 flail and wearing a +0 chain mail (moderately wounded, very poisoned) Poisonous vapours surround the orc priest!
You kill the adder!
The orc priest is engulfed in poison gas.
The orc priest looks as sick as possible!
The orc wizard points at you and mumbles some strange words.
The puff of flame hits you!
Casting: Poisonous Vapours (safe; 3% risk of failure)
Confirm with . or Enter, or press ? or * to list all spells.
Aiming: Poisonous Vapours (safe; 3% risk of failure)
Press: ? - help, Dir - move target, f - orc wizard, p - orc priest
Aim: an orc wizard, wielding a +0 dagger and wearing a +0 robe (moderately wounded, very poisoned) Poisonous vapours surround the orc wizard!
You kill the orc priest!
The orc wizard is engulfed in poison gas.
The orc wizard looks as sick as possible!
The orc wizard gestures wildly while chanting.
The orc wizard seems to speed up.
You hear an angry hiss.
You kill the orc wizard!
An adder comes into view.
The orc looks more healthy.
Found a scroll labelled DINOIRCH GEKY.
Casting: Poisonous Vapours (safe; 3% risk of failure)
Confirm with . or Enter, or press ? or * to list all spells.
Aiming: Sting (safe; 1% risk of failure)
Press: ? - help, Shift-Dir - straight line, f - adder
Aim: an adder (40% to evade)
The sting hits the adder.
The adder is poisoned.
The adder is lightly wounded.
An orc comes into view. It is wielding a +0 hand axe.
You hit the orc.
You kill the orc!
Casting: Sting (safe; 1% risk of failure)
Confirm with . or Enter, or press ? or * to list all spells.
Aiming: Sting (safe; 1% risk of failure)
Press: ? - help, Shift-Dir - straight line, f/p - adder
Aim: an adder (moderately wounded, poisoned, 40% to evade)
The sting hits the adder.
The adder looks even sicker.
The adder is heavily wounded.
The adder barely misses you.
You hit the adder. Your bite misses the adder.
The adder is severely wounded.
You kill the adder!
The orc hits you.
You slash the orc!
You kill the orc!
Things that are here:
a +0 club; an orc corpse; an adder corpse
Things that are here:
a +0 dagger; a +0 robe; an orc corpse
Found a stone staircase leading down.
Things that are here:
a +0 flail; a +0 chain mail; an orc corpse
Found a leather armour.
Found a mace.
There is a stone staircase leading down here.
Found a stone staircase leading up.
There is a stone staircase leading up here.
You climb upwards.
A quokka, 3 jackals and a bullfrog come into view.
The jackal barks!
The bullfrog gives a loud, deep croak!
You hear an angry hiss.
The bullfrog misses you. The bullfrog barely misses you.
A rat comes into view.
The jackal barks! x2
There is a stone staircase leading down here.
The bullfrog hits you.
The jackal bites you but does no damage.
The bullfrog barely misses you.
You climb downwards.
There is a stone staircase leading up here.
The bullfrog misses you. The bullfrog completely misses you.
Casting: Sting (safe; 1% risk of failure)
Confirm with . or Enter, or press ? or * to list all spells.
Aiming: Poisonous Vapours (safe; 3% risk of failure)
Press: ? - help, Dir - move target, f - bullfrog
Aim: a bullfrog Poisonous vapours surround the bullfrog!
The bullfrog is engulfed in poison gas.
The bullfrog is poisoned.
The bullfrog hits you!
The bullfrog is engulfed in poison gas.
The bullfrog looks even sicker.
The bullfrog hits you!
* * * LOW HITPOINT WARNING * * *
Casting: Poisonous Vapours (safe; 3% risk of failure)
Confirm with . or Enter, or press ? or * to list all spells.
Aiming: Poisonous Vapours (safe; 3% risk of failure)
Press: ? - help, Dir - move target, f/p - bullfrog
Aim: a bullfrog (moderately wounded, very poisoned) Poisonous vapours surround the bullfrog!
The bullfrog is engulfed in poison gas.
The bullfrog looks even sicker.
The bullfrog hits you.
* * * LOW HITPOINT WARNING * * *
It was a potion of mutation.
You feel extremely strange.
You feel more energetic.
Your toenails lengthen and sharpen.
The bullfrog hits you.
You die...

#≈≈≈≈≈≈≈#.......
#.#..#≈.....≈#.......
##....#≈.♣8♣.≈#.......
##.....#≈.♣♣♣.≈##......
#......#≈.♣8♣.≈#.......
#.....#≈...).≈###.....
###....#≈≈≈.≈≈≈##†.....
##......####'####..#....
###......@# #............
##.##...##F# ##)).........
......##.h## ##..........#
.......#...#.............#
#....##............)..##
#....................##
#.......##.............
##...##...#.............
#...##..................


You could see a bullfrog (very poisoned) and a jackal.

Vanquished Creatures
  Blork the orc (D:4)
  3 orc priests
  2 orc wizards
  5 worker ants (D:4)
  3 adders
  3 oozes
  2 leopard geckos
  12 orcs
  A bat (D:3)
  A giant cockroach (D:1)
  5 goblins
  2 hobgoblins
  3 kobolds (D:1)
  A rat (D:1)
44 creatures vanquished.

Notes
Turn   | Place    | Note
-------+----------+-------------------------------------------
     0 | D:1      | EnegeticOcto the Gnoll Venom Mage began the quest for the
                  | Orb.
     0 | D:1      | Reached XP level 1. HP: 13/13 MP: 6/6
    48 | D:1      | Reached skill level 2 in Transmutations
    54 | D:1      | Reached XP level 2. HP: 14/19 MP: 2/7
    63 | D:1      | Learned a level 2 spell: Poisonous Vapours
   161 | D:2      | Reached XP level 3. HP: 22/25 MP: 6/9
   165 | D:2      | Learned a level 3 spell: Mephitic Cloud
   167 | D:2      | Reached skill level 5 in Spellcasting
   183 | D:3      | Reached skill level 1 in Fighting
   183 | D:3      | Reached skill level 1 in Short Blades
   183 | D:3      | Reached skill level 1 in Long Blades
   183 | D:3      | Reached skill level 1 in Axes
   183 | D:3      | Reached skill level 1 in Maces & Flails
   183 | D:3      | Reached skill level 1 in Polearms
   183 | D:3      | Reached skill level 1 in Staves
   183 | D:3      | Reached skill level 1 in Slings
   183 | D:3      | Reached skill level 1 in Bows
   183 | D:3      | Reached skill level 1 in Crossbows
   183 | D:3      | Reached skill level 1 in Throwing
   183 | D:3      | Reached skill level 1 in Armour
   183 | D:3      | Reached skill level 1 in Shields
   183 | D:3      | Reached skill level 1 in Unarmed Combat
   183 | D:3      | Reached skill level 1 in Invocations
   183 | D:3      | Reached skill level 1 in Evocations
   186 | D:3      | Reached XP level 4. HP: 31/32 MP: 0/11
   239 | D:3      | Reached skill level 1 in Conjurations
   239 | D:3      | Reached skill level 1 in Hexes
   239 | D:3      | Reached skill level 1 in Summonings
   239 | D:3      | Reached skill level 1 in Necromancy
   239 | D:3      | Reached skill level 1 in Translocations
   239 | D:3      | Reached skill level 1 in Fire Magic
   239 | D:3      | Reached skill level 1 in Ice Magic
   239 | D:3      | Reached skill level 1 in Air Magic
   239 | D:3      | Reached skill level 1 in Earth Magic
   276 | D:3      | Reached XP level 5. HP: 37/37 MP: 6/12
   288 | D:3      | Learned a level 4 spell: Olgreb's Toxic Radiance
   423 | D:4      | Found a sparkling altar of Nemelex Xobeh.
   432 | D:4      | Reached skill level 2 in Invocations
   432 | D:4      | Reached XP level 6. HP: 32/44 MP: 4/13
   472 | D:4      | Noticed Blork the orc
   481 | D:4      | Killed Blork the orc
   482 | D:4      | Reached skill level 2 in Fighting
   482 | D:4      | Reached skill level 2 in Short Blades
   482 | D:4      | Reached skill level 2 in Long Blades
   482 | D:4      | Reached skill level 2 in Axes
   482 | D:4      | Reached skill level 2 in Maces & Flails
   482 | D:4      | Reached skill level 2 in Polearms
   482 | D:4      | Reached skill level 2 in Staves
   482 | D:4      | Reached skill level 2 in Slings
   482 | D:4      | Reached skill level 2 in Bows
   482 | D:4      | Reached skill level 2 in Crossbows
   482 | D:4      | Reached skill level 2 in Throwing
   482 | D:4      | Reached skill level 2 in Armour
   482 | D:4      | Reached skill level 5 in Dodging
   482 | D:4      | Reached skill level 2 in Shields
   482 | D:4      | Reached skill level 2 in Unarmed Combat
   482 | D:4      | Reached skill level 2 in Evocations
   487 | D:4      | Learned a level 3 spell: Ignite Poison
   615 | D:4      | HP: 1/44 [bullfrog (6)]
   616 | D:4      | Gained mutation: You have an increased reservoir of magic.
                  | (+10% MP) [potion of mutation]
   616 | D:4      | Gained mutation: You have sharp toenails. [potion of
                  | mutation]
   616 | D:4      | Slain by a bullfrog

Illustrated notes

Levels and vault maps discovered:
D:1:      sevenhm_arrival_forest_fort_large_4, layout_basic
D:2:      layout_basic, chequers_ecumenical_altar_twisty
D:3:      layout_basic, led_sif_book, minmay_stone_trees_small, uniq_terence
D:4:      layout_cave_pools, lemuel_round_altar, ebering_ghost_disaster_area,
          kennysheep_generic_room_11, uniq_blork_the_orc

Skill      XL: |  1  2  3  4  5  6 |
---------------+-------------------+-----
Transmutations | 2 |  2.7
Spellcasting   | 5 |  5.4
Fighting       | 1 2 |  2.1
Short Blades   | 1 2 |  2.1
Long Blades    | 1 2 |  2.1
Axes           | 1 2 |  2.1
Maces & Flails | 1 2 |  2.1
Polearms       | 1 2 |  2.1
Staves         | 1 2 |  2.1
Slings         | 1 2 |  2.1
Bows           | 1 2 |  2.1
Crossbows      | 1 2 |  2.1
Throwing       | 1 2 |  2.1
Armour         | 1 2 |  2.1
Shields        | 1 2 |  2.1
Unarmed Combat | 1 2 |  2.1
Invocations    | 1 2 |  2.4
Evocations     | 1 2 |  2.1
Conjurations   | 1 |  1.7
Hexes          | 1 |  1.7
Summonings     | 1 |  1.7
Necromancy     | 1 |  1.7
Translocations | 1 |  1.7
Fire Magic     | 1 |  1.7
Ice Magic      | 1 |  1.7
Air Magic      | 1 |  1.7
Earth Magic    | 1 |  1.7
Dodging        | 5 |  5.1
Stealth        | |  4.7
Poison Magic   | |  5.7

Action                   |  1- 3 |  4- 6 || total
-------------------------+-------+-------++-------
Melee: Unarmed           |    10 |       ||    10
       Quarterstaff      |     3 |     2 ||     5
       War axe           |       |    26 ||    26
       Bite              |       |     5 ||     5
 Cast: Sting             |    15 |     4 ||    19
       Poisonous Vapours |     4 |    20 ||    24
       Olgreb's Toxic Ra |       |     2 ||     2
  Use: Potion            |       |     1 ||     1
 Stab: Sleeping          |       |     1 ||     1
Armor: Robe              |     2 |     8 ||    10
Dodge: Dodged            |    18 |    35 ||    53
